 Dungeon Crawl Stone Soup version 0.28.0-49-g6dfe1f597d (webtiles) character file.

Game seed: 11629586717973862279

168 Atelerd the Digger (level 5, -4/31 HPs)
             Began as an Octopode Earth Elementalist on May 14, 2022.
             Slain by a gnoll
             ... wielding a +0 whip
              (8 damage)
             ... on level 4 of the Dungeon.
             The game lasted 00:02:05 (2959 turns).

Atelerd the Digger (Octopode Earth Elementalist)    Turns: 2959, Time: 00:02:06

Health: -4/31      AC:  1    Str:  7    XL:     5   Next: 48%
Magic:  7/10       EV: 13    Int: 19    God:
Gold:   61         SH:  0    Dex: 13    Spells: 10/11 levels left

rFire   . . .      SeeInvis .   a - +0 rapier
rCold   . . .      Faith    .   (no shield)
rNeg    . . .      Spirit   .   (helmet restricted)
rPois   .          Reflect  .   c - amulet of the acrobat
rElec   .          Harm     .   (no ring)
rCorr   .          Rampage  .   (no ring)
Will    .....                   (no ring)
Stlth   +++.......              (no ring)
HPRegen 0.10/turn               (no ring)
MPRegen 0.12/turn               (no ring)
                                (no ring)
                                (no ring)

@: no status effects
A: almost no armour, amphibious, 8 rings, camouflage 1, gelatinous body 1,
(nimble swimmer 1), tentacles
a: no special abilities


You were on level 4 of the Dungeon.
You visited 1 branch of the dungeon, and saw 4 of its levels.

You collected 61 gold pieces.

Inventory:

Hand Weapons
 a - a +0 rapier (weapon)
Missiles
 b - 25 stones
Jewellery
 c - an amulet of the acrobat (around mantle)
 i - a ring of flight
Wands
 k - a wand of mindburst (13)
Scrolls
 d - 4 scrolls of enchant weapon {unknown}
 e - 6 scrolls of identify {unknown}
 f - a scroll of fear {unknown}
 g - a scroll of immolation {unknown}
 l - a scroll of teleportation {unknown}
 m - a scroll of fog {unknown}
 q - a scroll of enchant armour {unknown}
Potions
 h - a potion of magic {unknown}
 j - a potion of berserk rage {unknown}
 n - a potion of brilliance {unknown}
 o - 2 potions of haste {unknown}
 p - a potion of attraction {unknown}
 r - 2 potions of cancellation {unknown}


   Skills:
 + Level 0.8 Short Blades
 - Level 2.0 Dodging
 + Level 3.0 Stealth
 * Level 3.9 Spellcasting
 * Level 1.7 Transmutations
 * Level 4.1 Earth Magic


You had 10 spell levels left.
You knew the following spells:

 Your Spells              Type           Power      Damage    Failure   Level
a - Sandblast             Erth           38%        2d10      2%          1

Your spell library contained the following spells:

 Spells                   Type           Power      Damage    Failure   Level
 Passwall                 Tmut/Erth      11%        N/A       6%          2
 Stone Arrow              Conj/Erth      22%        3d8       19%         3
 Petrify                  Tmut/Erth      14%        N/A       38%         4


Dungeon Overview and Level Annotations

Branches:
Dungeon (4/15)
 Temple: D:4-7

Altars:
Beogh


Innate Abilities, Weirdness & Mutations

You cannot wear most types of armour.
You are amphibious.
You can wear up to eight rings at the same time.
Your skin changes colour to match your surroundings (Stealth+).
Your rubbery body absorbs attacks. (AC +1, EV +1)
((You are camouflaged when in or above water. (Stealth+)))
You have tentacles for arms and can constrict up to eight enemies at once.


Message History

You are too injured to fight recklessly!
You are too injured to fight recklessly!
The gnoll closely misses you.
There is a stone staircase leading up here.
You climb upwards.
There is a stone staircase leading down here.
You start resting.
Magic restored.
You start resting.
HP restored.
Okay, then.
You climb downwards.
The gnoll hits you with a +0 spear! The gnoll hits you with a +0 spear.
There is a stone staircase leading up here.
The blast of sand hits the gnoll.
The gnoll is heavily wounded.
The gnoll hits you with a +0 whip! The gnoll barely misses you.
You are too injured to fight recklessly!
You are too injured to fight recklessly!
You are too injured to fight recklessly!
Casting: Sandblast (safe; 2% risk of failure)
Confirm with . or Enter, or press ? or * to list all spells.
Aiming: Sandblast (safe; 2% risk of failure)
Press: ? - help, Shift-Dir - straight line, f/p - gnoll
Aim: a gnoll, wielding a +0 spear (heavily wounded, 82% to hit)
The blast of sand hits the gnoll but does no damage.
The gnoll is heavily wounded.
The gnoll hits you with a +0 whip!
* * * LOW HITPOINT WARNING * * *
The gnoll barely misses you.
Unknown command.
Casting: Sandblast (safe; 2% risk of failure)
Confirm with . or Enter, or press ? or * to list all spells.
Aiming: Sandblast (safe; 2% risk of failure)
Press: ? - help, Shift-Dir - straight line, f/p - gnoll
Aim: a gnoll, wielding a +0 spear (heavily wounded, 82% to hit)
The blast of sand hits the gnoll.
The gnoll is almost dead.
The gnoll hits you with a +0 whip!
You die...

############
#....g@....#
#.###g.###.#
#.#....#.#.#
#g#.####.#.#
#.#......#)#
#g######.#.#
#.# ###.#g#
#.# #...#.# #
#.####.###.#.#


You could see 2 gnolls.

Vanquished Creatures
  A phantom (D:3)
  2 gnolls (D:4)
  4 worms
  7 dart slugs
  An orc (D:3)
  3 endoplasms
  4 giant cockroaches
  2 goblins
  3 hobgoblins
  4 kobolds
  4 quokkas
  2 ball pythons
  7 bats
  3 frilled lizards
  3 rats
50 creatures vanquished.

Notes
Turn   | Place    | Note
-------+----------+-------------------------------------------
     0 | D:1      | Atelerd the Octopode Earth Elementalist began the quest for
                  | the Orb.
     0 | D:1      | Reached XP level 1. HP: 11/11 MP: 3/3
   279 | D:1      | Reached XP level 2. HP: 9/17 MP: 1/5
   606 | D:1      | Found a faded altar of an unknown god.
   865 | D:1      | Reached XP level 3. HP: 16/21 MP: 4/6
  1928 | D:3      | Reached XP level 4. HP: 18/27 MP: 4/8
  2102 | D:3      | Noticed a phantom
  2113 | D:3      | Killed a phantom
  2114 | D:3      | Reached skill level 4 in Earth Magic
  2114 | D:3      | Reached XP level 5. HP: 13/31 MP: 2/10
  2959 | D:4      | Slain by a gnoll

Illustrated notes

Levels and vault maps discovered:
D:1:      matt_arrival_los_fun, layout_basic,
          hellmonk_ecumenical_altar_defaced_shrine
D:2:      layout_basic
D:3:      layout_basic
D:4:      layout_basic, lightli_minifort

Skill      XL: |  1  2  3  4 |
---------------+-------------+-----
Spellcasting   | 3 |  3.9
Stealth        | 3 |  3.0
Earth Magic    | 4 |  4.1
Short Blades   | |  0.8
Dodging        | |  2.0
Transmutations | |  1.7

Action                   |  1- 3 |  4- 6 || total
-------------------------+-------+-------++-------
Melee: Rapier            |    43 |    14 ||    57
       Constrict         |    10 |     4 ||    14
       Tentacles         |     7 |     3 ||    10
 Cast: Sandblast         |    31 |    20 ||    51
 Stab: Sleeping          |     3 |     6 ||     9
Armor: Skin              |     5 |     1 ||     6
Dodge: Dodged            |    38 |    18 ||    56
